 Dungeon Crawl Stone Soup version 0.28.0-43-g3370ac3207 (webtiles) character file.

Game seed: 17308945728789671141

53 Ablot the Grasshopper (level 3, 0/31 HPs)
             Began as a Gnoll Warper on Mar 21, 2022.
             Slain by a gnoll
             ... wielding a +0 flail
              (6 damage)
             ... on level 1 of the Dungeon.
             The game lasted 00:02:05 (1287 turns).

Ablot the Grasshopper (Gnoll Warper)                Turns: 1287, Time: 00:02:05

Health: 0/31       AC:  3    Str: 12    XL:     3   Next: 87%
Magic:  7/9        EV: 12    Int: 12    God:
Gold:   107        SH:  0    Dex: 11    Spells: 10/12 levels left

rFire   . . .      SeeInvis .   a - +0 spear
rCold   . . .      Faith    .   (no shield)
rNeg    . . .      Spirit   .   b - +0 leather armour
rPois   +          Reflect  .   (no helmet)
rElec   .          Harm     .   (no cloak)
rCorr   .          Rampage  .   (no gloves)
Will    .....                   (no boots)
Stlth   +.........              (no amulet)
HPRegen 0.10/turn               k - ring of poison resistance
MPRegen 0.11/turn               (no ring)

@: no status effects
A: fangs 1, strong nose, distributed training
a: no special abilities


You were on level 1 of the Dungeon.
You visited 1 branch of the dungeon, and saw 2 of its levels.

You collected 107 gold pieces.

Inventory:

Hand Weapons
 a - a +0 spear (weapon)
Missiles
 d - 5 boomerangs of dispersal
 e - 21 stones (quivered)
 j - 18 arrows
 l - 27 bolts
Armour
 b - a +0 leather armour (worn)
Magical Staves
 i - a staff of cold
Jewellery
 k - a ring of poison resistance (left hand)
Scrolls
 c - a scroll of blinking
Potions
 f - a potion of brilliance {unknown}
 g - a potion of mutation {unknown}
 h - a potion of lignification {unknown}


   Skills:
 + Level 4.6 Fighting
 + Level 1.0 Short Blades
 + Level 1.0 Long Blades
 + Level 1.0 Axes
 + Level 1.0 Maces & Flails
 + Level 4.6 Polearms
 + Level 1.0 Staves
 + Level 1.0 Slings
 + Level 1.0 Bows
 + Level 1.0 Crossbows
 + Level 2.6 Throwing
 + Level 2.6 Armour
 + Level 4.6 Dodging
 + Level 1.0 Stealth
 + Level 1.0 Shields
 + Level 1.0 Unarmed Combat
 + Level 5.0 Spellcasting
 + Level 0.7 Conjurations
 + Level 0.7 Hexes
 + Level 0.7 Summonings
 + Level 0.7 Necromancy
 + Level 5.4 Translocations
 + Level 0.7 Transmutations
 + Level 0.7 Fire Magic
 + Level 0.7 Ice Magic
 + Level 0.7 Air Magic
 + Level 0.7 Earth Magic
 + Level 0.7 Poison Magic
 + Level 1.0 Invocations
 + Level 1.0 Evocations


You had 10 spell levels left.
You knew the following spells:

 Your Spells              Type           Power      Damage    Failure   Level
a - Blink                 Tloc           32%        N/A       4%          2

Your spell library contained the following spells:

 Spells                   Type           Power      Damage    Failure   Level
 Gell's Gravitas          Tloc           16%        N/A       9%          3
 Lesser Beckoning         Tloc           16%        N/A       9%          3
 Teleport Other           Tloc           16%        N/A       9%          3
 Corpse Rot               Necr/Air       8%         N/A       28%         2
 Poisonous Vapours        Pois/Air       8%         N/A       28%         2
 Sublimation of Blood     Necr           4%         N/A       28%         2
 Manifold Assault         Tloc           16%        N/A       58%         5
 Petrify                  Tmut/Erth      4%         N/A       88%         4
 Fireball                 Conj/Fire      2%         3d4       99%         5
 Irradiate                Conj/Tmut      2%         3d14      99%         5
 Iskenderun's Battlesphe  Conj           4%         2d6       99%         5
 Conjure Ball Lightning   Conj/Air       2%         3x3d6     100%        6
 Orb of Destruction       Conj           2%         9d5       100%        7


Dungeon Overview and Level Annotations

Branches:
Dungeon (2/15)

Altars:


Innate Abilities, Weirdness & Mutations

You have very sharp teeth.
Your uncanny sense of smell can sniff out nearby items.
Your experience applies equally to all skills.


Message History

Confirm with . or Enter, or press ? or * to list all spells.
You blink.
Reach: a) +0 spear
Press: ? - help, Dir - move target, f/p - gnoll
Aim: a gnoll, wielding a +0 club (severely wounded, about 34% to evade your +0 spear)
You reach to attack!
You barely miss the gnoll.
The gnoll is severely wounded.
Unknown command.
You feel stable enough to blink again.
Reach: a) +0 spear
Press: ? - help, Dir - move target, f/p - gnoll
Aim: a gnoll, wielding a +0 club (severely wounded, about 34% to evade your +0 spear)
You barely miss the gnoll. You bite the gnoll, but do no damage.
The gnoll is severely wounded.
The gnoll barely misses you.
Reach: a) +0 spear
Press: ? - help, Dir - move target, f/p - gnoll
Aim: a gnoll, wielding a +0 club (severely wounded, about 34% to evade your +0 spear)
You hit the gnoll.
You kill the gnoll!
Your Short Blades skill increases to level 1!
Your Long Blades skill increases to level 1!
Your Axes skill increases to level 1!
Your Maces & Flails skill increases to level 1!
Your Staves skill increases to level 1!
Your Slings skill increases to level 1!
Your Bows skill increases to level 1!
Your Crossbows skill increases to level 1!
Your Stealth skill increases to level 1!
Your Shields skill increases to level 1!
Your Unarmed Combat skill increases to level 1!
Your Evocations skill increases to level 1!
Unknown command.
Casting: Blink (safe; 4% risk of failure)
Confirm with . or Enter, or press ? or * to list all spells.
You blink.
You feel stable enough to blink again.
You hit the gnoll.
The gnoll is moderately wounded.
The gnoll hits you with a +0 flail.
You die...

#.........### ##...
#.........##########...
#......................
#.........##########.#)
#.................##≈.≈
#....(.............))≈)
#####.#..#.........#.≈≈
#..#..........##≈≈≈
##@##.............≈
#g###...........≈≈ #.#
####..#.....≈≈ #.#
#.........≈ #.# ##.#.....≈≈
##########.## #.#......≈
#...........######........≈
#........................≈≈
#.>.............####......≈


You could see a gnoll.

Vanquished Creatures
  3 gnolls
  A ball python (D:1)
  An endoplasm (D:1)
  A giant cockroach (D:1)
  2 hobgoblins (D:1)
  3 bats
  2 frilled lizards (D:1)
  3 goblins (D:1)
  5 kobolds
  6 rats (D:1)
27 creatures vanquished.

Notes
Turn   | Place    | Note
-------+----------+-------------------------------------------
     0 | D:1      | Ablot the Gnoll Warper began the quest for the Orb.
     0 | D:1      | Reached XP level 1. HP: 20/20 MP: 6/6
    18 | D:1      | Found a faded altar of an unknown god.
   155 | D:1      | Reached XP level 2. HP: 26/26 MP: 7/7
   158 | D:1      | Learned a level 2 spell: Blink
   900 | D:2      | Reached XP level 3. HP: 30/31 MP: 9/9
   967 | D:2      | Reached skill level 5 in Spellcasting
   982 | D:2      | Reached skill level 1 in Invocations
  1275 | D:1      | Reached skill level 1 in Short Blades
  1275 | D:1      | Reached skill level 1 in Long Blades
  1275 | D:1      | Reached skill level 1 in Axes
  1275 | D:1      | Reached skill level 1 in Maces & Flails
  1275 | D:1      | Reached skill level 1 in Staves
  1275 | D:1      | Reached skill level 1 in Slings
  1275 | D:1      | Reached skill level 1 in Bows
  1275 | D:1      | Reached skill level 1 in Crossbows
  1275 | D:1      | Reached skill level 1 in Stealth
  1275 | D:1      | Reached skill level 1 in Shields
  1275 | D:1      | Reached skill level 1 in Unarmed Combat
  1275 | D:1      | Reached skill level 1 in Evocations
  1287 | D:1      | Slain by a gnoll

Illustrated notes

Levels and vault maps discovered:
D:1:      amcnicky_arrival_blooded_trapdoor, layout_rooms,
          chequers_ecumenical_altar_island, feat_on_display
D:2:      layout_basic, nicolae_concentric_dashed_squares_wild,
          chequers_serial_rivers_marsh, dk_noncrumbling_4, minmay_misc_feat_x

Skill      XL: |  1  2  3 |
---------------+----------+-----
Spellcasting   | 5 |  5.0
Invocations    | 1 |  1.0
Short Blades   | 1 |  1.0
Long Blades    | 1 |  1.0
Axes           | 1 |  1.0
Maces & Flails | 1 |  1.0
Staves         | 1 |  1.0
Slings         | 1 |  1.0
Bows           | 1 |  1.0
Crossbows      | 1 |  1.0
Stealth        | 1 |  1.0
Shields        | 1 |  1.0
Unarmed Combat | 1 |  1.0
Evocations     | 1 |  1.0
Fighting       | |  4.6
Polearms       | |  4.6
Throwing       | |  2.6
Armour         | |  2.6
Dodging        | |  4.6
Conjurations   | |  0.7
Hexes          | |  0.7
Summonings     | |  0.7
Necromancy     | |  0.7
Translocations | |  5.4
Transmutations | |  0.7
Fire Magic     | |  0.7
Ice Magic      | |  0.7
Air Magic      | |  0.7
Earth Magic    | |  0.7
Poison Magic   | |  0.7

Action                   || total
-------------------------++-------
Melee: Spear             ||   120
       Bite              ||    11
Throw: Stone             ||     3
 Cast: Blink             ||     4
Armor: Leather armour    ||    19
Dodge: Dodged            ||    50
